TOP OF THE 1ST |
Bethesda Atoms batting - Pitching for Ottawa Nationals : LHP Jason Schneider
|
Pitching: LHP Jason Schneider
|
|
Batting: RHB Diego Romero
|
0-0: Ball 1-0: Called Strike 1-1: Ball 2-1: Ground out 4-3 (Groundball, 4)
|
Batting: RHB Tomás Gonzáles
|
0-0: Called Strike 0-1: Ball 1-1: Fly out, F4 (Line Drive, 4M)
|
Batting: RHB Lester Kwiatkowski
|
0-0: Called Strike 0-1: Ball 1-1: Called Strike 1-2: Strikes out swinging
|
Top of the 1st over - 0 runs, 0 hits, 0 errors, 0 left on base; Bethesda 0 - Ottawa 0 |
BOTTOM OF THE 1ST |
Ottawa Nationals batting - Pitching for Bethesda Atoms : RHP Luis Torrez
|
Pitching: RHP Luis Torrez
|
|
Batting: LHB Walt Lathon
|
0-0: Foul Ball, location: 2F 0-1: Foul Ball, location: 2F 0-2: Foul Ball, location: 2F 0-2: Ball 1-2: Fly out, F7 (Flyball, 7LD)
|
Batting: LHB Manuel Sánchez
|
0-0: Ball 1-0: Swinging Strike 1-1: Ball 2-1: Ball 3-1: Called Strike 3-2: SINGLE (Groundball, 4D)
|
Batting: RHB Jon Hounshell
|
0-0: Ball 1-0: Ball 2-0: Ball 3-0: Called Strike 3-1: Swinging Strike 3-2: Base on Balls Manuel Sánchez to second
|
Batting: RHB Ernest Daniels
|
0-0: Ball 1-0: Called Strike 1-1: Ball 2-1: Ball 3-1: Fly out, F7 (Flyball, 7S)
|
Batting: RHB Mike Jennings
|
0-0: Ball 1-0: Ball 2-0: Ball 3-0: Base on Balls Manuel Sánchez to third Jon Hounshell to second
|
Batting: RHB Alejandro Serrato
|
0-0: Ball 1-0: Ball 2-0: Fielders Choice at 2nd, 6-4 (Groundball, 6)
|
Bottom of the 1st over - 0 runs, 1 hit, 0 errors, 3 left on base; Bethesda 0 - Ottawa 0 |
TOP OF THE 2ND |
Bethesda Atoms batting - Pitching for Ottawa Nationals : LHP Jason Schneider
|
Batting: RHB Jorge Cortéz
|
0-0: Foul Ball, location: 2F 0-1: Ball 1-1: Ball 2-1: Foul Ball, location: 2F 2-2: Ball 3-2: Strikes out looking
|
Batting: RHB Vic Richards
|
0-0: Ball 1-0: Ground out 6-3 (Groundball, 56)
|
Batting: RHB Andrés López
|
0-0: Ball 1-0: Foul Ball, location: 2F 1-1: Called Strike 1-2: Ball 2-2: SINGLE (Line Drive, 5D)
|
Batting: RHB Renato Zuvic
|
0-0: Called Strike 0-1: 2-RUN HOME RUN (Flyball, 7LD), Distance : 354 ft
|
Batting: RHB Andy Holder
|
0-0: Called Strike 0-1: Foul Ball, location: 2F 0-2: Ball 1-2: Foul Ball, location: 2F 1-2: Strikes out looking
|
Top of the 2nd over - 2 runs, 2 hits, 0 errors, 0 left on base; Bethesda 2 - Ottawa 0 |
BOTTOM OF THE 2ND |
Ottawa Nationals batting - Pitching for Bethesda Atoms : RHP Luis Torrez
|
Batting: RHB Juan Román
|
0-0: Ball 1-0: SOLO HOME RUN (Flyball, 9D), Distance : 365 ft
|
Batting: RHB Bartho Simonse
|
0-0: Foul Ball, location: 2F 0-1: Foul Ball, location: 2F 0-2: Ball 1-2: Ground out U3 (Groundball, 2R)
|
Batting: SHB Anthon Klomp
|
0-0: Ball 1-0: Foul Ball, location: 2F 1-1: Foul Ball, location: 2F 1-2: SINGLE (Line Drive, 78M)
|
Batting: LHB Walt Lathon
|
0-0: Called Strike 0-1: Ball 1-1: Ball Passed Ball! Anthon Klomp to second 2-1: Ball 3-1: Fly out, F8 (Flyball, 8LM)
|
Batting: LHB Manuel Sánchez
|
0-0: Foul Ball, location: 2F 0-1: Swinging Strike 0-2: Ground out 4-3 (Groundball, 4)
|
Bottom of the 2nd over - 1 run, 2 hits, 0 errors, 1 left on base; Bethesda 2 - Ottawa 1 |
TOP OF THE 3RD |
Bethesda Atoms batting - Pitching for Ottawa Nationals : LHP Jason Schneider
|
Batting: RHB Héctor Amador
|
0-0: Ground out 5-3 (Groundball, 56)
|
Batting: RHB Diego Romero
|
0-0: Foul Ball, location: 2F 0-1: Ball 1-1: Ball 2-1: Ball 3-1: Base on Balls
|
Batting: RHB Tomás Gonzáles
|
0-0: Ball 1-0: Fly out, F9 (Flyball, 9LSF)
|
Batting: RHB Lester Kwiatkowski
|
0-0: Ball 1-0: Foul Ball, location: 2F 1-1: Ball 2-1: SINGLE (Line Drive, 7LS) Diego Romero to second
|
Batting: RHB Jorge Cortéz
|
0-0: SINGLE (Line Drive, 8RS) Diego Romero to third Lester Kwiatkowski to second Runner from 3rd tries for Home, SAFE, no throw
|
Batting: RHB Vic Richards
|
0-0: Ball 1-0: Ball 2-0: SINGLE (Flyball, 7LS) Lester Kwiatkowski to third Jorge Cortéz to second Runner from 3rd tries for Home, SAFE, no throw
|
Batting: RHB Andrés López
|
0-0: Ball 1-0: Called Strike 1-1: Foul Ball, location: 2F 1-2: Strikes out looking
|
Top of the 3rd over - 2 runs, 3 hits, 0 errors, 2 left on base; Bethesda 4 - Ottawa 1 |
BOTTOM OF THE 3RD |
Ottawa Nationals batting - Pitching for Bethesda Atoms : RHP Luis Torrez
|
Batting: RHB Jon Hounshell
|
0-0: Called Strike 0-1: Called Strike 0-2: Ball 1-2: Ground out 4-3 (Groundball, 4)
|
Batting: RHB Ernest Daniels
|
0-0: Ball 1-0: Ball 2-0: Ground out 5-3 (Groundball, 5)
|
Batting: RHB Mike Jennings
|
0-0: Foul Ball, location: 2F 0-1: Ball 1-1: Ball 2-1: Fly out, F4 (Line Drive, 4)
|
Bottom of the 3rd over - 0 runs, 0 hits, 0 errors, 0 left on base; Bethesda 4 - Ottawa 1 |
TOP OF THE 4TH |
Bethesda Atoms batting - Pitching for Ottawa Nationals : LHP Jason Schneider
|
Batting: RHB Renato Zuvic
|
0-0: TRIPLE (Groundball, 3L)
|
Batting: RHB Andy Holder
|
0-0: Ball 1-0: Called Strike 1-1: Ball 2-1: Foul Ball, location: 2F 2-2: Ball 3-2: Ground out 5-3 (Groundball, 56) Renato Zuvic scores
|
Batting: RHB Héctor Amador
|
0-0: Called Strike 0-1: Fly out, F7 (Line Drive, 7)
|
Batting: RHB Diego Romero
|
0-0: Called Strike 0-1: Ball 1-1: Swinging Strike 1-2: Ball 2-2: Fly out, F8 (Flyball, 8RD)
|
Top of the 4th over - 1 run, 1 hit, 0 errors, 0 left on base; Bethesda 5 - Ottawa 1 |
BOTTOM OF THE 4TH |
Ottawa Nationals batting - Pitching for Bethesda Atoms : RHP Luis Torrez
|
Batting: RHB Alejandro Serrato
|
0-0: Called Strike 0-1: Foul Ball, location: 2F 0-2: Ground out 5-3 (Groundball, 56)
|
Batting: RHB Juan Román
|
0-0: Called Strike 0-1: Ball 1-1: Fly out, F8 (Flyball, 8RD)
|
Batting: RHB Bartho Simonse
|
0-0: Called Strike 0-1: Ground out 5-3 (Groundball, 25)
|
Bottom of the 4th over - 0 runs, 0 hits, 0 errors, 0 left on base; Bethesda 5 - Ottawa 1 |
TOP OF THE 5TH |
Bethesda Atoms batting - Pitching for Ottawa Nationals : LHP Jason Schneider
|
Batting: RHB Tomás Gonzáles
|
0-0: SINGLE (Groundball, 13) (infield hit)
|
Batting: RHB Lester Kwiatkowski
|
0-0: Ball 1-0: Fly out, F7 (Flyball, 78M)
|
Batting: RHB Jorge Cortéz
|
0-0: Called Strike 0-1: Ball 1-1: DOUBLE (Line Drive, 7LM) Tomás Gonzáles to third Runner from 3rd tries for Home, SAFE, no throw
|
Batting: RHB Vic Richards
|
0-0: Ball 1-0: Called Strike 1-1: DOUBLE (Line Drive, 7LD) Jorge Cortéz scores
|
Batting: RHB Andrés López
|
0-0: Ball 1-0: Foul Ball, location: 2F 1-1: Foul Ball, location: 2F 1-2: Ball 2-2: SINGLE (Groundball, 56D) Vic Richards to third Runner from 3rd tries for Home, SAFE, no throw
|
Pitching: RHP Jesús Lara
|
|
Batting: RHB Renato Zuvic
|
0-0: Called Strike 0-1: Ball 1-1: Called Strike 1-2: Ball 2-2: Foul Ball, location: 2F 2-2: Ball 3-2: Base on Balls Andrés López to second
|
Batting: RHB Andy Holder
|
0-0: Called Strike 0-1: Ball 1-1: Ball 2-1: Ball 3-1: Called Strike 3-2: Strikes out swinging
|
Batting: RHB Héctor Amador
|
0-0: Ball 1-0: Ball 2-0: Called Strike 2-1: Foul Ball, location: 2F 2-2: Ground out U3 (Groundball, 3L)
|
Top of the 5th over - 3 runs, 4 hits, 0 errors, 2 left on base; Bethesda 8 - Ottawa 1 |
BOTTOM OF THE 5TH |
Ottawa Nationals batting - Pitching for Bethesda Atoms : RHP Luis Torrez
|
Batting: SHB Anthon Klomp
|
0-0: Called Strike 0-1: Swinging Strike 0-2: Ball 1-2: Strikes out swinging
|
Batting: LHB Walt Lathon
|
0-0: Called Strike 0-1: Foul Ball, location: 2F 0-2: Ball 1-2: Foul Ball, location: 2F 1-2: Ball 2-2: SINGLE (Groundball, 34D)
|
Batting: LHB Manuel Sánchez
|
0-0: Called Strike 0-1: Ball 1-1: Swinging Strike 1-2: Ball 2-2: Ball Walt Lathon steals 2nd base 3-2: Foul Ball, location: 2F 3-2: Foul Ball, location: 2F 3-2: Foul Ball, location: 2F 3-2: Strikes out swinging
|
Batting: RHB Jon Hounshell
|
0-0: Called Strike 0-1: Foul Ball, location: 2F 0-2: Ground out 5-3 (Groundball, 56S)
|
Bottom of the 5th over - 0 runs, 1 hit, 0 errors, 1 left on base; Bethesda 8 - Ottawa 1 |
TOP OF THE 6TH |
Bethesda Atoms batting - Pitching for Ottawa Nationals : RHP Jesús Lara
|
Batting: RHB Diego Romero
|
0-0: Foul Ball, location: 2F 0-1: Ball 1-1: Foul Ball, location: 2F 1-2: Ball 2-2: Ball 3-2: Strikes out swinging
|
Batting: RHB Tomás Gonzáles
|
0-0: Foul Ball, location: 2F 0-1: Called Strike 0-2: Ground out 6-3 (Groundball, 6)
|
Batting: RHB Lester Kwiatkowski
|
0-0: Ball 1-0: Foul Ball, location: 2F 1-1: Swinging Strike 1-2: Foul Ball, location: 2F 1-2: Strikes out swinging
|
Top of the 6th over - 0 runs, 0 hits, 0 errors, 0 left on base; Bethesda 8 - Ottawa 1 |
BOTTOM OF THE 6TH |
Ottawa Nationals batting - Pitching for Bethesda Atoms : RHP Luis Torrez
|
Batting: RHB Ernest Daniels
|
0-0: Ball 1-0: Foul Ball, location: 2F 1-1: Ball 2-1: Ball 3-1: Foul Ball, location: 2F 3-2: Base on Balls
|
Batting: RHB Mike Jennings
|
0-0: Grounds into double play, 1-6-3 (Groundball, 13)
|
Batting: RHB Alejandro Serrato
|
0-0: Ball 1-0: Swinging Strike 1-1: Swinging Strike 1-2: Ground out 5-3 (Groundball, 5)
|
Bottom of the 6th over - 0 runs, 0 hits, 0 errors, 0 left on base; Bethesda 8 - Ottawa 1 |
TOP OF THE 7TH |
Bethesda Atoms batting - Pitching for Ottawa Nationals : RHP Jesús Lara
|
Batting: RHB Jorge Cortéz
|
0-0: Ball 1-0: Ground out 6-3 (Groundball, 6M)
|
Batting: RHB Vic Richards
|
0-0: Called Strike 0-1: SINGLE (Flyball, 8RS)
|
Batting: RHB Andrés López
|
0-0: Fly out, F5 (Line Drive, 56S)
|
Batting: RHB Renato Zuvic
|
0-0: Ball 1-0: Ball 2-0: Called Strike 2-1: SINGLE (Groundball, 3D) Vic Richards to second Runner from 2nd tries for 3rd, SAFE, throw made to third
|
Batting: RHB Andy Holder
|
0-0: Ball 1-0: SINGLE (Groundball, 56D) Vic Richards scores Renato Zuvic to second
|
Batting: RHB Héctor Amador
|
0-0: Swinging Strike 0-1: Ball 1-1: Called Strike 1-2: Strikes out swinging
|
Top of the 7th over - 1 run, 3 hits, 0 errors, 2 left on base; Bethesda 9 - Ottawa 1 |
BOTTOM OF THE 7TH |
Ottawa Nationals batting - Pitching for Bethesda Atoms : RHP Luis Torrez
|
Batting: RHB Juan Román
|
0-0: Ball 1-0: Ball 2-0: Ball 3-0: Called Strike 3-1: Base on Balls
|
Batting: RHB Bartho Simonse
|
0-0: Hit by Pitch Juan Román to second
|
Batting: SHB Anthon Klomp
|
0-0: Called Strike 0-1: Ball 1-1: Fly out, F1 (Line Drive, 15)
|
Batting: LHB Walt Lathon
|
0-0: Ball 1-0: Ball 2-0: Ball 3-0: Base on Balls Juan Román to third Bartho Simonse to second
|
Batting: LHB Manuel Sánchez
|
0-0: Called Strike 0-1: Ball 1-1: Foul Ball, location: 2F 1-2: Ball 2-2: SINGLE (Groundball, 4MD) Juan Román scores Bartho Simonse to third Walt Lathon to second Runner from 3rd tries for Home, SAFE, no throw
|
Pitching: RHP José López
|
|
Batting: RHB Jon Hounshell
|
0-0: Called Strike Walt Lathon steals 3rd base 0-1: Fly out, F9 (Flyball, 89S)
|
Batting: RHB Ernest Daniels
|
0-0: Called Strike 0-1: Foul Ball, location: 2F 0-2: Strikes out swinging
|
Bottom of the 7th over - 2 runs, 1 hit, 0 errors, 2 left on base; Bethesda 9 - Ottawa 3 |
TOP OF THE 8TH |
Bethesda Atoms batting - Pitching for Ottawa Nationals : RHP Ray Goolsby
|
Pitching: RHP Ray Goolsby
|
|
Batting: RHB Diego Romero
|
0-0: Foul Ball, location: 2F 0-1: Ball 1-1: Ground out U3 (Groundball, 3)
|
Batting: RHB Tomás Gonzáles
|
0-0: Ball 1-0: Swinging Strike 1-1: SOLO HOME RUN (Flyball, 7LD), Distance : 360 ft
|
Batting: RHB Lester Kwiatkowski
|
0-0: DOUBLE (Line Drive, 78D)
|
Batting: RHB Jorge Cortéz
|
0-0: Hit by Pitch
|
Batting: RHB Vic Richards
|
0-0: Called Strike 0-1: Called Strike 0-2: Ball 1-2: SINGLE (Groundball, 3D) Lester Kwiatkowski to third Jorge Cortéz to second
|
Batting: RHB Andrés López
|
0-0: Called Strike 0-1: Swinging Strike 0-2: Foul Ball, location: 2F 0-2: Ball 1-2: Strikes out swinging
|
Batting: RHB Renato Zuvic
|
0-0: SINGLE (Groundball, 4MD) Lester Kwiatkowski scores Jorge Cortéz to third Vic Richards to second Runner from 3rd tries for Home, SAFE, no throw
|
Batting: RHB Andy Holder
|
0-0: Called Strike 0-1: Ball 1-1: Ball 2-1: Ball 3-1: Base on Balls Vic Richards to third Renato Zuvic to second
|
Batting: RHB Héctor Amador
|
0-0: Swinging Strike 0-1: Ball 1-1: Ball 2-1: Ball 3-1: Foul Ball, location: 2F 3-2: Ground out 6-3 (Groundball, 6)
|
Top of the 8th over - 3 runs, 4 hits, 0 errors, 3 left on base; Bethesda 12 - Ottawa 3 |
BOTTOM OF THE 8TH |
Ottawa Nationals batting - Pitching for Bethesda Atoms : RHP José López
|
Now at C: Carlos Deleón
|
|
Batting: RHB Mike Jennings
|
0-0: Called Strike 0-1: Called Strike 0-2: Ground out 4-3 (Groundball, 4MS)
|
Batting: RHB Alejandro Serrato
|
0-0: Ball 1-0: Fly out, F7 (Flyball, 7LS)
|
Batting: RHB Juan Román
|
0-0: Foul Ball, location: 2F 0-1: Ball 1-1: SINGLE (Line Drive, 56D)
|
Batting: RHB Bartho Simonse
|
0-0: Ball 1-0: Foul Ball, location: 2F 1-1: Swinging Strike 1-2: Foul Ball, location: 2F 1-2: Ground out 1-3 (Groundball, P)
|
Bottom of the 8th over - 0 runs, 1 hit, 0 errors, 1 left on base; Bethesda 12 - Ottawa 3 |
TOP OF THE 9TH |
Bethesda Atoms batting - Pitching for Ottawa Nationals : RHP Ray Goolsby
|
Batting: RHB Diego Romero
|
0-0: Ball 1-0: Called Strike 1-1: SINGLE (Line Drive, 7LM)
|
Batting: RHB Tomás Gonzáles
|
0-0: Fly out, F9 (Flyball, 9D)
|
Batting: RHB Lester Kwiatkowski
|
0-0: Ball Passed Ball! Diego Romero to second 1-0: Called Strike 1-1: Called Strike 1-2: SINGLE (Groundball, 56D) Diego Romero to third Runner from 3rd tries for Home, SAFE, no throw
|
Batting: RHB Jorge Cortéz
|
0-0: Called Strike 0-1: Foul Ball, location: 2F 0-2: Ball 1-2: Ball 2-2: Foul Ball, location: 2F 2-2: Ground out 3-1 (Groundball, 34S) Lester Kwiatkowski to second
|
Batting: RHB Vic Richards
|
0-0: Called Strike 0-1: Fly out, F9 (Flyball, 89S)
|
Top of the 9th over - 1 run, 2 hits, 0 errors, 1 left on base; Bethesda 13 - Ottawa 3 |
BOTTOM OF THE 9TH |
Ottawa Nationals batting - Pitching for Bethesda Atoms : RHP José López
|
Now in LF: Javier De La Garza
|
|
Batting: SHB Anthon Klomp
|
0-0: Ball 1-0: Ball 2-0: Foul Ball, location: 2F 2-1: Swinging Strike 2-2: Foul Ball, location: 2F 2-2: Strikes out looking
|
Batting: LHB Walt Lathon
|
0-0: Called Strike 0-1: Called Strike 0-2: Ball 1-2: Strikes out swinging
|
Pinch Hitting: RHB Vincente Fuentes
|
0-0: Swinging Strike 0-1: Ball 1-1: Foul Ball, location: 2F 1-2: Ground out 4-3 (Groundball, 4)
|
Bottom of the 9th over - 0 runs, 0 hits, 0 errors, 0 left on base; Bethesda 13 - Ottawa 3 |
|